SAA
LONG ISLAND SEAWOLVES @ GLENDALE HERONS
09/01/2031
 
TOP OF THE 1ST
Long Island Seawolves batting - Pitching for Glendale Herons : LHP Alejandro García
Pitching: LHP Alejandro García
Batting: RHB Júlio Flores 0-0: Called Strike
0-1: Foul Ball, location: 2F
0-2: Ball
1-2: Ground out 5-3 (Groundball, 56S)
Batting: RHB Max Berman 0-0: Ball
1-0: Ball
2-0: Called Strike
2-1: Ball
3-1: Base on Balls
Batting: RHB Alfredo Escalante 0-0: Called Strike
Max Berman steals 2nd base
0-1: Ball
1-1: Foul Ball, location: 2F
1-2: Strikes out swinging
Batting: SHB Alfredo Sánchez 0-0: Called Strike
0-1: Foul Ball, location: 2F
0-2: Ground out 6-3 (Groundball, 56)
Top of the 1st over - 0 runs, 0 hits, 0 errors, 1 left on base; Long Island 0 - Glendale 0
BOTTOM OF THE 1ST
Glendale Herons batting - Pitching for Long Island Seawolves : LHP Héctor Ramos
Pitching: LHP Héctor Ramos
Batting: RHB Francisco Guerra 0-0: Fly out, F8 (Flyball, 8LM)
Batting: RHB Jeff Hunter 0-0: Foul Ball, location: 2F
0-1: Ground out 1-3 (Groundball, 15S)
Batting: RHB Michael Sweeney 0-0: Ball
1-0: Called Strike
1-1: Fly out, F7 (Line Drive, 7D)
Bottom of the 1st over - 0 runs, 0 hits, 0 errors, 0 left on base; Long Island 0 - Glendale 0
TOP OF THE 2ND
Long Island Seawolves batting - Pitching for Glendale Herons : LHP Alejandro García
Batting: RHB Francisco García 0-0: Foul Ball, location: 2F
0-1: Ground out 2-3 (Groundball, 2L)
Batting: RHB Jesús Quintana 0-0: Ball
1-0: Fly out, F8 (Flyball, 78D)
Batting: RHB José Magana 0-0: Called Strike
0-1: Ball
1-1: Foul Ball, location: 2F
1-2: Ball
2-2: Ball
3-2: Base on Balls
Batting: RHB Abad Lugo 0-0: Foul Ball, location: 2F
0-1: Fielders Choice at 2nd, 6-4 (Groundball, 6D)
Top of the 2nd over - 0 runs, 0 hits, 0 errors, 1 left on base; Long Island 0 - Glendale 0
BOTTOM OF THE 2ND
Glendale Herons batting - Pitching for Long Island Seawolves : LHP Héctor Ramos
Batting: RHB Shihei Kichikawa 0-0: Ball
1-0: Ball
2-0: Called Strike
2-1: Fly out, F5 (Flyball, 5D)
Batting: SHB Tommy Dreamer 0-0: Ball
1-0: Ball
2-0: Foul Ball, location: 2F
2-1: Foul Ball, location: 2F
2-2: DOUBLE (Groundball, 5L)
Batting: LHB Jin-song Seah 0-0: SINGLE (Line Drive, 9LS)
Tommy Dreamer to third
Runner from 3rd tries for Home, SAFE, no throw
Batting: LHB Xu Cheng 0-0: Ball
Jin-song Seah steals 2nd base
1-0: 2-RUN HOME RUN (Line Drive, 9D), Distance : 395 ft
Batting: RHB Hatui Haunani 0-0: DOUBLE (Groundball, 5L)
Batting: RHB Luis Trevino 0-0: Ball
1-0: Ball
2-0: Swinging Strike
2-1: Ground out 6-3 (Groundball, 6D)
Batting: RHB Francisco Guerra 0-0: Ball
1-0: Foul Ball, location: 2F
1-1: Foul Ball, location: 2F
1-2: 2-RUN HOME RUN (Flyball, 7LD), Distance : 347 ft
Batting: RHB Jeff Hunter 0-0: Ball
1-0: Ball
2-0: SINGLE (Groundball, 56D)
Batting: RHB Michael Sweeney 0-0: Called Strike
0-1: Ball
1-1: Foul Ball, location: 2F
1-2: Ball
2-2: Fly out, F7 (Flyball, 7S)
Bottom of the 2nd over - 5 runs, 6 hits, 0 errors, 1 left on base; Long Island 0 - Glendale 5
TOP OF THE 3RD
Long Island Seawolves batting - Pitching for Glendale Herons : LHP Alejandro García
Batting: SHB Josh Sanders 0-0: Called Strike
0-1: Foul Ball, location: 2F
0-2: Strikes out swinging
Batting: RHB Júlio Flores 0-0: Called Strike
0-1: SINGLE (Groundball, 34D)
Batting: RHB Max Berman 0-0: Ball
Júlio Flores steals 2nd base
1-0: Foul Ball, location: 2F
1-1: Ball
2-1: Foul Ball, location: 2F
2-2: Ball
3-2: Fly out, F8 (Flyball, 8LM)
Batting: RHB Alfredo Escalante 0-0: Ball
1-0: Foul Ball, location: 2F
1-1: Ball
2-1: Ground out 6-3 (Groundball, 6)
Top of the 3rd over - 0 runs, 1 hit, 0 errors, 1 left on base; Long Island 0 - Glendale 5
BOTTOM OF THE 3RD
Glendale Herons batting - Pitching for Long Island Seawolves : LHP Héctor Ramos
Batting: RHB Shihei Kichikawa 0-0: Ball
1-0: Ground out 6-3 (Groundball, 56)
Batting: SHB Tommy Dreamer 0-0: Called Strike
0-1: Ball
1-1: Ball
2-1: Foul Ball, location: 2F
2-2: Ball
3-2: Foul Ball, location: 2F
3-2: Ground out 6-3 (Groundball, 6)
Batting: LHB Jin-song Seah 0-0: Ball
1-0: Ball
2-0: Ball
3-0: Called Strike
3-1: Swinging Strike
3-2: Base on Balls
Batting: LHB Xu Cheng 0-0: Ball
Jin-song Seah steals 2nd base
1-0: Foul Ball, location: 2F
1-1: Fly out, F8 (Line Drive, 8LM)
Bottom of the 3rd over - 0 runs, 0 hits, 0 errors, 1 left on base; Long Island 0 - Glendale 5
TOP OF THE 4TH
Long Island Seawolves batting - Pitching for Glendale Herons : LHP Alejandro García
Batting: SHB Alfredo Sánchez 0-0: Ball
1-0: Swinging Strike
1-1: Foul Ball, location: 2F
1-2: Fly out, F4 (Line Drive, 4M)
Batting: RHB Francisco García 0-0: Called Strike
0-1: Ball
1-1: Swinging Strike
1-2: Strikes out swinging
Batting: RHB Jesús Quintana 0-0: Called Strike
0-1: Foul Ball, location: 2F
0-2: Ball
1-2: Ball
2-2: Ball
3-2: Strikes out swinging
Top of the 4th over - 0 runs, 0 hits, 0 errors, 0 left on base; Long Island 0 - Glendale 5
BOTTOM OF THE 4TH
Glendale Herons batting - Pitching for Long Island Seawolves : LHP Héctor Ramos
Batting: RHB Hatui Haunani 0-0: Foul Ball, location: 2F
0-1: Ball
1-1: SINGLE (Groundball, 4MD)
Batting: RHB Luis Trevino 0-0: Called Strike
0-1: Ball
1-1: Ball
2-1: SINGLE (Groundball, 4MD)
Hatui Haunani to second
Runner from 2nd tries for 3rd, SAFE, throw made to third
Batting: RHB Francisco Guerra 0-0: Ball
1-0: Ball
2-0: Called Strike
2-1: Ground out 4-3 (Groundball, 4M)
Hatui Haunani scores
Luis Trevino to second
Batting: RHB Jeff Hunter 0-0: Ball
1-0: Fly out, F8 (Flyball, 8RS)
Batting: RHB Michael Sweeney 0-0: Foul Ball, location: 2F
0-1: Ball
1-1: Foul Ball, location: 2F
1-2: Strikes out swinging
Bottom of the 4th over - 1 run, 2 hits, 0 errors, 1 left on base; Long Island 0 - Glendale 6
TOP OF THE 5TH
Long Island Seawolves batting - Pitching for Glendale Herons : LHP Alejandro García
Batting: RHB José Magana 0-0: Swinging Strike
0-1: Called Strike
0-2: Ball
1-2: Strikes out swinging
Batting: RHB Abad Lugo 0-0: Swinging Strike
0-1: Swinging Strike
0-2: Ground out 2-3 (Groundball, 15S)
Batting: SHB Josh Sanders 0-0: Fly out, F6 (Popup, 6)
Top of the 5th over - 0 runs, 0 hits, 0 errors, 0 left on base; Long Island 0 - Glendale 6
BOTTOM OF THE 5TH
Glendale Herons batting - Pitching for Long Island Seawolves : LHP Héctor Ramos
Batting: RHB Shihei Kichikawa 0-0: Called Strike
0-1: Foul Ball, location: 2F
0-2: Ball
1-2: Ball
2-2: DOUBLE (Line Drive, 5D)
Batting: SHB Tommy Dreamer 0-0: SINGLE (Flyball, 7S)
Shihei Kichikawa to third
Batting: LHB Jin-song Seah 0-0: Foul Ball, location: 2F
0-1: Called Strike
0-2: Ball
1-2: Ball
Wild Pitch!
Shihei Kichikawa scores
Tommy Dreamer to second
2-2: Fly out, F8 (Flyball, 8RXD)
Runner from 2nd tags up, SAFE at 3rd, no throw
Batting: LHB Xu Cheng 0-0: Called Strike
0-1: Ball
1-1: Ball
2-1: Ground out U3 (Groundball, 34)
Tommy Dreamer scores
Batting: RHB Hatui Haunani 0-0: Called Strike
0-1: Called Strike
0-2: Ground out 4-3 (Groundball, 4)
Bottom of the 5th over - 2 runs, 2 hits, 0 errors, 0 left on base; Long Island 0 - Glendale 8
TOP OF THE 6TH
Long Island Seawolves batting - Pitching for Glendale Herons : LHP Alejandro García
Batting: RHB Júlio Flores 0-0: Ball
1-0: Called Strike
1-1: Swinging Strike
1-2: Ball
2-2: Ball
3-2: Foul Ball, location: 2F
3-2: Foul Ball, location: 2F
3-2: Strikes out swinging
Batting: RHB Max Berman 0-0: Swinging Strike
0-1: Fly out, F9 (Flyball, 9LSF)
Batting: RHB Alfredo Escalante 0-0: Swinging Strike
0-1: Called Strike
0-2: Strikes out swinging
Top of the 6th over - 0 runs, 0 hits, 0 errors, 0 left on base; Long Island 0 - Glendale 8
BOTTOM OF THE 6TH
Glendale Herons batting - Pitching for Long Island Seawolves : LHP Héctor Ramos
Batting: RHB Luis Trevino 0-0: Ball
1-0: DOUBLE (Flyball, 8LD)
Batting: RHB Francisco Guerra 0-0: Swinging Strike
0-1: Ball
1-1: Foul Ball, location: 2F
1-2: SINGLE (Groundball, 34D)
Luis Trevino to third
Runner from 3rd tries for Home, SAFE, throw made home
Francisco Guerra to second
Batting: RHB Jeff Hunter 0-0: Ball
1-0: Ball
Wild Pitch!
Francisco Guerra to third
2-0: Ball
3-0: Foul Ball, location: 2F
3-1: Base on Balls
Batting: RHB Michael Sweeney 0-0: Ball
1-0: Called Strike
1-1: Ball
2-1: Foul Ball, location: 2F
2-2: Foul Ball, location: 2F
2-2: Ball
3-2: SINGLE (Line Drive, 3L)
Francisco Guerra scores
Jeff Hunter to second
Pitching: RHP Alan McKinney
Batting: RHB Shihei Kichikawa 0-0: Fly out, F8 (Flyball, 78D)
Batting: SHB Tommy Dreamer 0-0: Foul Ball, location: 2F
0-1: Ball
1-1: Fielders Choice at 2nd, 1-6 (Groundball, 13S)
Jeff Hunter to third
Batting: LHB Jin-song Seah 0-0: Ball
1-0: Foul Ball, location: 2F
1-1: Fly out, F5 (Line Drive, 5)
Bottom of the 6th over - 2 runs, 3 hits, 0 errors, 2 left on base; Long Island 0 - Glendale 10
TOP OF THE 7TH
Long Island Seawolves batting - Pitching for Glendale Herons : LHP Alejandro García
Now in CF: Mike Bean
Batting: SHB Alfredo Sánchez 0-0: Ball
1-0: Foul Ball, location: 2F
1-1: Fly out, F7 (Flyball, 7S)
Batting: RHB Francisco García 0-0: Ball
1-0: Ball
2-0: SINGLE (Groundball, 6D)
Batting: RHB Jesús Quintana 0-0: Ball
1-0: Ball
2-0: Swinging Strike
2-1: Fielders Choice at 2nd, 1-6 (Groundball, P)
Batting: RHB José Magana 0-0: Ball
1-0: Called Strike
1-1: Called Strike
1-2: Ball
2-2: Ball
3-2: Foul Ball, location: 2F
3-2: Ground out 1-3 (Groundball, P)
Top of the 7th over - 0 runs, 1 hit, 0 errors, 1 left on base; Long Island 0 - Glendale 10
BOTTOM OF THE 7TH
Glendale Herons batting - Pitching for Long Island Seawolves : RHP Alan McKinney
Batting: LHB Xu Cheng 0-0: Ball
1-0: Ball
2-0: Foul Ball, location: 2F
2-1: Ball
3-1: Foul Ball, location: 2F
3-2: Fly out, F9 (Flyball, 9)
Batting: RHB Hatui Haunani 0-0: Ball
1-0: Ball
2-0: Called Strike
2-1: Ground out 4-3 (Groundball, 4)
Batting: RHB Luis Trevino 0-0: Called Strike
0-1: Ball
1-1: Foul Ball, location: 2F
1-2: Ball
2-2: Foul Ball, location: 2F
2-2: Foul Ball, location: 2F
2-2: Foul Ball, location: 2F
2-2: Foul Ball, location: 2F
2-2: Ball
3-2: Ground out 3-1 (Groundball, 34S)
Bottom of the 7th over - 0 runs, 0 hits, 0 errors, 0 left on base; Long Island 0 - Glendale 10
TOP OF THE 8TH
Long Island Seawolves batting - Pitching for Glendale Herons : LHP Alejandro García
Batting: RHB Abad Lugo 0-0: Fly out, F7 (Flyball, 78S)
Batting: SHB Josh Sanders 0-0: Called Strike
0-1: Ball
1-1: Ground out 1-3 (Groundball, 15)
Batting: RHB Júlio Flores 0-0: Ground out U3 (Groundball, 3)
Top of the 8th over - 0 runs, 0 hits, 0 errors, 0 left on base; Long Island 0 - Glendale 10
BOTTOM OF THE 8TH
Glendale Herons batting - Pitching for Long Island Seawolves : RHP Alan McKinney
Batting: RHB Francisco Guerra 0-0: Ground out 6-3 (Groundball, 56D)
Batting: RHB Jeff Hunter 0-0: Foul Ball, location: 2F
0-1: Fly out, F9 (Line Drive, 9)
Batting: RHB Mike Bean 0-0: SINGLE (Groundball, 34D)
Batting: RHB Shihei Kichikawa 0-0: Ball
1-0: Ball
2-0: Called Strike
2-1: Swinging Strike
2-2: Strikes out swinging
Bottom of the 8th over - 0 runs, 1 hit, 0 errors, 1 left on base; Long Island 0 - Glendale 10
TOP OF THE 9TH
Long Island Seawolves batting - Pitching for Glendale Herons : LHP Alejandro García
Batting: RHB Max Berman 0-0: Ball
1-0: Ball
2-0: Ball
3-0: Called Strike
3-1: Called Strike
3-2: Ground out U3 (Groundball, 34S)
Batting: RHB Alfredo Escalante 0-0: SINGLE (Groundball, 56D)
Batting: SHB Alfredo Sánchez 0-0: Called Strike
0-1: Ball
Passed Ball!
Alfredo Escalante to second
1-1: Ball
2-1: Ball
3-1: Base on Balls
Batting: RHB Francisco García 0-0: Called Strike
0-1: SINGLE (Groundball, 34D)
Alfredo Escalante to third
Alfredo Sánchez to second
Pitching: RHP David Davis
Batting: RHB Jesús Quintana 0-0: Ball
1-0: Ball
2-0: Ball
3-0: Called Strike
3-1: Called Strike
3-2: SINGLE (Groundball, 4MD)
Alfredo Escalante scores
Alfredo Sánchez to third
Francisco García to second
Batting: RHB José Magana 0-0: Foul Ball, location: 2F
0-1: Ball
1-1: Foul Ball, location: 2F
1-2: Ball
2-2: Ball
3-2: Base on Balls
Alfredo Sánchez scores
Francisco García to third
Jesús Quintana to second
Batting: RHB Abad Lugo 0-0: Fly out, F5 (Line Drive, 5)
Batting: SHB Josh Sanders 0-0: Ball
1-0: Called Strike
1-1: Ground out 4-3 (Groundball, 4M)
Top of the 9th over - 2 runs, 3 hits, 0 errors, 3 left on base; Long Island 2 - Glendale 10
Tuesday, June 12th, 2018 - OOTP Baseball 18.8 Build 76